 Dungeon Crawl Stone Soup version 0.28-a0-779-g3d1f99b579 (webtiles) character file.

Game seed: 10002470494608197085

1751 horus123 the Chiller (level 8, -8/40 (41) HPs)
             Began as a Deep Elf Conjurer on Nov 2, 2021.
             Was a High Priest of Elyvilon.
             Mangled by Harold (18 damage)
             ... on level 7 of the Dungeon.
             The game lasted 00:15:59 (8287 turns).

horus123 the Chiller (Deep Elf Conjurer)            Turns: 8287, Time: 00:16:00

HP:   -8/40 (41)    AC:  2    Str:  4    XL:     8   Next: 78%
MP:   9/19          EV:  6    Int: 26    God:    Elyvilon [*****.]
Gold: 374           SH:  0    Dex: 13    Spells: 1/19 levels left

rFire   . . .      SeeInvis .   k - staff of cold
rCold   + . .      Faith    .   (no shield)
rNeg    . . .      Spirit   .   a - +0 robe
rPois   .          Reflect  .   (no helmet)
rElec   .          Harm     .   (no cloak)
rCorr   .          Rampage  .   (no gloves)
Will    .....                   (no boots)
Stlth   ++........              q - amulet of the acrobat
HPRegen 0.13/turn               (no ring)
MPRegen 0.16/turn               (no ring)

@: acrobatic, held, lightly drained
A: no striking features
a: Renounce Religion, Purification, Heal Other, Heal Self, Divine Vigour


You were on level 7 of the Dungeon.
You worshipped Elyvilon.
Elyvilon was extremely pleased with you.
You visited 1 branch of the dungeon, and saw 7 of its levels.

You collected 374 gold pieces.

Inventory:

Hand Weapons
 r - a +3 shortbow of freezing
Missiles
 d - a throwing net
 s - 18 arrows
Armour
 a - a +0 robe (worn)
Magical Staves
 k - a staff of cold (weapon)
Jewellery
 q - an amulet of the acrobat (around neck)
Scrolls
 c - 4 scrolls of teleportation
 h - 2 scrolls of magic mapping
 i - 2 scrolls of amnesia
 m - a scroll of silence
Potions
 e - 6 potions of curing {unknown}
 f - a potion of heal wounds {unknown}
 j - a potion of lignification {unknown}
 l - a potion of might {unknown}
 p - 2 potions of flight {unknown}


   Skills:
 - Level 3.1 Dodging
 - Level 3.6 Stealth
 - Level 6.0 Spellcasting
 - Level 7.1 Conjurations
 + Level 7.1 Hexes
 - Level 7.4 Ice Magic


You had one spell level left.
You knew the following spells:

 Your Spells              Type           Power      Damage    Failure   Level
a - Magic Dart            Conj           100%       1d8       1%          1
b - Searing Ray           Conj           90%        2d7       1%          2
c - Dazzling Flash        Conj/Hex       88%        N/A       1%          3
d - Hailstorm             Conj/Ice       62%        3d13      3%          4
e - Fulminant Prism       Conj/Hex       22%        3d13      3%          4
f - Passwall              Tmut/Erth      5%         N/A       11%         2
g - Ensorcelled Hibernat  Hex/Ice        100%       N/A       1%          2

Your spell library contained the following spells:

 Spells                   Type           Power      Damage    Failure   Level
 Sandblast                Erth           14%        2d6       7%          1
 Tukima's Dance           Hex            44%        N/A       1%          3
 Cause Fear               Hex            22%        N/A       3%          4
 Inner Flame              Hex/Fire       26%        N/A       4%          3
 Stone Arrow              Conj/Erth      52%        3d10      4%          3
 Ice Form                 Ice/Tmut       40%        N/A       16%         4
 Iskenderun's Mystic Bla  Conj/Tloc      26%        2d7       16%         4
 Simulacrum               Ice/Necr       20%        N/A       93%         6
 Discord                  Hex            22%        N/A       100%        8


Dungeon Overview and Level Annotations

Branches:
Dungeon (7/15)
 Temple: D:4-7

Altars:
Elyvilon
Trog
Uskayaw

Annotations:
D:7 Harold


Message History

(Press . to maintain the ray.)
The wight closely misses you.
The searing ray hits the wight.
You destroy the wight!
Your Hexes skill increases to level 7!
Casting: Searing Ray (safe; 1% risk of failure)
Confirm with . or Enter, or press ? or * to list all spells.
Restarting spell: Searing Ray (safe; 1% risk of failure)
Press: ? - help, Shift-Dir - straight line, f - Harold
Aim: Harold, wielding a +0 long sword, wearing a +0 scale mail and quivering a throwing net (moderately wounded, 89% to hit)
The searing ray hits Harold.
Harold is heavily wounded. (Press . to maintain the ray.) Harold throws a throwing net.
The throwing net hits you.
You become entangled in the net!
The searing ray hits Harold.
Harold is heavily wounded.
The searing ray hits Harold!
Harold is severely wounded.
Harold hits you with a +0 long sword!!
* * * LOW HITPOINT WARNING * * *
Casting: Searing Ray (safe; 1% risk of failure)
Confirm with . or Enter, or press ? or * to list all spells.
Restarting spell: Searing Ray (safe; 1% risk of failure)
Press: ? - help, Shift-Dir - straight line, f/p - Harold
Aim: Harold, wielding a +0 long sword and wearing a +0 scale mail (severely wounded, 89% to hit)
The searing ray hits Harold!
Harold is almost dead. (Press . to maintain the ray.) Harold hits you with a +0 long sword!!
Elyvilon protects you from harm!
The searing ray hits Harold.
Harold is almost dead.
Harold hits you with a +0 long sword! Elyvilon protects you from harm!
A wight comes into view. It is wielding a +0 halberd.
The searing ray hits Harold.
Harold is almost dead.
Harold hits you with a +0 long sword!!
You die...

########### ####
#.........# #.z
#.........# #.#
#.........####[#
#.....))..#...[#
+......)))'.#..#####.#
#...$....z#.#.@......#
.......@..#..)@......#
#########.#.#######.##
#.#.. # ..... ....##
..#.# ..##.# .#


You could see Harold and a wight.

Vanquished Creatures
  Prince Ribbit (D:5)
  A sky beast (D:6)
  2 ogres
  A black bear (D:5)
  A centaur (D:6)
  A wyvern zombie (D:5)
  A bullfrog (D:6)
  A gnoll sergeant (D:7)
  3 scorpions
  A water moccasin zombie (D:5)
  The ghost of flotson the Sneak, a weakling PaDe (D:5)
  3 wights (D:7)
  2 howler monkeys (D:6)
  A hound (D:5)
  A centaur skeleton (D:6)
  2 bullfrog skeletons
  3 iguanas
  A hound zombie (D:5)
  A howler monkey zombie (D:5)
  8 gnolls
  7 adders
  3 shadow imps
  3 ufetubi
  An adder skeleton (D:4)
  3 worms
  A dart slug (D:1)
  An orc (D:4)
  3 endoplasms
  5 giant cockroaches
  2 goblins (D:2)
  4 hobgoblins
  4 jackals (D:5)
  4 quokkas
  7 ball pythons
  3 bats
  2 frilled lizards
  6 kobolds
  4 rats
99 creatures vanquished.

Vanquished Creatures (others)
  3 plants (D:7)
3 creatures vanquished.

Grand Total: 102 creatures vanquished

Notes
Turn   | Place    | Note
-------+----------+-------------------------------------------
     0 | D:1      | horus123 the Deep Elf Conjurer began the quest for the Orb.
     0 | D:1      | Reached XP level 1. HP: 10/10 MP: 6/6
   235 | D:1      | Found a faded altar of an unknown god.
   243 | D:1      | Prayed at the altar of an unknown god.
   243 | D:1      | Became a worshipper of Elyvilon the Healer
   243 | D:1      | Reached * piety under Elyvilon
   402 | D:1      | Reached XP level 2. HP: 15/15 MP: 4/8
   498 | D:1      | Learned a level 2 spell: Searing Ray
   807 | D:1      | Reached ** piety under Elyvilon
  1045 | D:2      | Reached skill level 5 in Conjurations
  1439 | D:2      | Reached XP level 3. HP: 19/19 MP: 6/9
  1443 | D:2      | Learned a level 3 spell: Dazzling Flash
  2256 | D:2      | Reached *** piety under Elyvilon
  2309 | D:3      | Reached skill level 1 in Hexes
  2949 | D:3      | Reached XP level 4. HP: 24/24 MP: 3/11
  2954 | D:3      | Learned a level 4 spell: Hailstorm
  3182 | D:4      | Noticed a scorpion
  3187 | D:4      | Killed a scorpion
  3188 | D:4      | Reached XP level 5. HP: 17/28 MP: 5/12
  3566 | D:4      | Noticed an ogre
  3582 | D:4      | Killed an ogre
  3583 | D:4      | Reached XP level 6. HP: 14/32 MP: 4/13
  3923 | D:4      | Reached skill level 5 in Ice Magic
  4407 | D:5      | Entered Level 5 of the Dungeon
  4423 | D:5      | Reached **** piety under Elyvilon
  4423 | D:5      | Noticed Prince Ribbit
  4431 | D:5      | Elyvilon protects you from harm!
  4433 | D:5      | Killed Prince Ribbit
  4434 | D:5      | Reached XP level 7. HP: 10/36 MP: 5/16
  4655 | D:5      | Learned a level 4 spell: Fulminant Prism
  4695 | D:5      | Reached skill level 5 in Spellcasting
  4885 | D:5      | Learned a level 2 spell: Passwall
  5392 | D:5      | Found a runed translucent door.
  5396 | D:5      | Noticed flotson's ghost (weakling PaDe)
  6218 | D:5      | Killed flotson's ghost
  6219 | D:5      | Reached skill level 5 in Hexes
  6219 | D:5      | Reached XP level 8. HP: 35/41 MP: 10/18
  6727 | D:6      | Learned a level 2 spell: Ensorcelled Hibernation
  6877 | D:6      | Found a bloodstained altar of Trog.
  6912 | D:6      | HP: 2/41 [poisoned by an adder]
  7754 | D:6      | Reached ***** piety under Elyvilon
  8022 | D:6      | Found a hide-covered altar of Uskayaw.
  8160 | D:7      | Noticed Harold
  8285 | D:7      | Elyvilon protects you from harm!
  8286 | D:7      | Elyvilon protects you from harm!
  8287 | D:7      | Mangled by Harold

Illustrated notes

Levels and vault maps discovered:
D:1:      dpeg_arrival_renting, layout_loops_ring,
          ebering_ecumenical_altar_ruins
D:2:      minmay_chambers_of_ones, layout_loops_corners
D:3:      layout_loops_ring
D:4:      layout_loops_ring
D:5:      layout_basic, ebering_ghost_reflecting_pool, grunt_decor_arrowhead,
          uniq_prince_ribbit1
D:6:      layout_basic, mainiacjoe_overflow_alcove_4,
          mainiacjoe_overflow_concentric_impassable, gup_sewer_entry_bowl
D:7:      layout_basic, mainiacjoe_overflow_cross_hatched, temple_hall,
          serial_shops, kennysheep_mini, uniq_harold

Skill      XL: |  1  2  3  4  5  6  7  8 |
---------------+-------------------------+-----
Conjurations   | 5 6 7 |  7.1
Hexes          | 1 5 7 |  7.1
Ice Magic      | 2 4 5 7 |  7.4
Spellcasting   | 4 5 6 |  6.0
Dodging        | 3 |  3.1
Stealth        | 3 |  3.6

Action                   |  1- 3 |  4- 6 |  7- 9 || total
-------------------------+-------+-------+-------++-------
 Cast: Magic Dart        |    66 |    30 |    55 ||   151
       Searing Ray       |     5 |     7 |    31 ||    43
       Hailstorm         |       |     1 |     7 ||     8
Invok: Heal Other        |     1 |       |       ||     1
       Purification      |       |       |     1 ||     1
  Use: Scroll            |     1 |       |    10 ||    11
Armor: Robe              |       |     2 |     4 ||     6
Dodge: Dodged            |    10 |    10 |    40 ||    60

Table legend: (Time is in decaauts)
 A = Elapsed time spent in this place.
 B = Non-inter-level travel time spent in this place.
 C = Inter-level travel time spent in this place.
 D = Time resting spent in this place.
 E = Time spent auto-exploring this place.
 F = Levels seen in this place.
 G = Mean time per level.
                   A        B        C        D        E       F      G
               +--------+--------+--------+--------+--------+-----+--------+
         Total |   8296 |   8173 |    123 |   1481 |   5990 |   7 | 1185.1 |
       Dungeon |   8296 |   8173 |    123 |   1481 |   5990 |   7 | 1185.1 |
               +--------+--------+--------+--------+--------+-----+--------+

Top non-repeatable levels by time:
     D:6: 1898 daAuts
     D:5: 1884 daAuts
     D:4: 1261 daAuts
     D:2: 1246 daAuts
     D:1: 1043 daAuts
     D:3: 854 daAuts
     D:7: 108 daAuts
